 Dungeon Crawl Stone Soup version 0.21.1-1-g345015f (webtiles) character file.

613 shakethe the Cleaver (level 7, 0/61 HPs)
             Began as a Hill Orc Gladiator on Feb 26, 2018.
             Slain by a wight
             ... wielding a +5 war axe
              (1 damage)
             ... on level 4 of the Dungeon.
             The game lasted 00:04:29 (3442 turns).

shakethe the Cleaver (Hill Orc Gladiator)           Turns: 3442, Time: 00:04:30

Health: 0/61       AC:  9    Str: 17    XL:     7   Next: 44%
Magic:  7/7        EV:  7    Int: 10    God:
Gold:   153        SH:  0    Dex: 12    Spells: 6/6 levels left

rFire    . . .     SeeInvis .   a - +0 war axe
rCold    . . .     Gourm    .   (no shield)
rNeg     . . .     Faith    .   g - +0 chain mail
rPois    .         Spirit   .   c - +0 helmet
rElec    .         Reflect  .   (no cloak)
rCorr    .         Harm     .   (no gloves)
MR       .....                  (no boots)
Stlth    ..........             (no amulet)
HPRegen  0.20/turn              (no ring)
MPRegen  0.10/turn              (no ring)

@: heavily drained
A: no striking features
a: no special abilities


You were on level 4 of the Dungeon.
You were not hungry.

You visited 1 branch of the dungeon, and saw 4 of its levels.

You collected 153 gold pieces.

Inventory:

Hand Weapons
 a - a +0 war axe (weapon)
Missiles
 d - 4 throwing nets {=f, !d}
 h - 14 curare-tipped needles
Armour
 c - a +0 helmet (worn)
 g - a +0 chain mail (worn)
   (You found it on level 1 of the Dungeon)
Scrolls
 b - 2 scrolls of magic mapping {unknown}
 e - a scroll of enchant weapon {unknown}
 i - 2 scrolls of enchant armour {unknown}
 k - 3 scrolls of identify {unknown}
 l - a scroll of immolation {unknown}
 n - 2 scrolls of remove curse {unknown}
Potions
 j - 2 potions of invisibility {unknown}
 m - a potion of curing {unknown}
Comestibles
 f - 5 rations
 o - a chunk of flesh {@w0@w0}


   Skills:
 + Level 5.2(3.6) Fighting
 * Level 8.4(6.7) Axes
 - Level 1.7(0.3) Throwing
 + Level 3.7(2.3) Armour
 - Level 2.4(1.0) Dodging


You had 6 spell levels left.
You didn't know any spells.

Dungeon Overview and Level Annotations

Branches:
Dungeon (4/15)
 Temple: D:4-7

Altars:

Shops:
D:4 }


Message History

No target in view!
You feel sick.
Things that are here:
a dagger of venom; a stone You take 1 damage, and have 49/60 hp.
You feel sick.
Items here: ( ) [ † a war axe; a ring mail; 9 stones; an orc corpse You take 1 damage, and have 48/60 hp.
You start resting.
You feel sick. x11
You are no longer poisoned.
You see here a stone.
You take 6 damage, and have 43/60 hp.
You see here a stone.
Items here: ( ) [ † a war axe; a ring mail; 9 stones; an orc corpse
Things that are here:
a dagger; a robe You start resting.
You are feeling hungry.
You regained 4 hp, and now have 48/60 hp.
You start resting.
Health restored: 60 You butcher the orc corpse.
o - 2 chunks of flesh {@w0@w0}
Things that are here:
a war axe; a ring mail; 9 stones
Things that are here:
a war axe; a ring mail; 9 stones Eating one of 2 chunks of flesh {@w0@w0}.
You eat one of the 2 chunks of flesh {@w0@w0}.
Found a stone staircase leading down.
A wight comes into view. It is wielding an enchanted war axe.
The wight moves out of view.
A wight comes into view. It is wielding a great sword.
There are monsters nearby! 2 wights come into view.
The wight hits you with an enchanted war axe!
You take 10 damage, and have 50/60 hp.
Your chain mail prevents you from hitting the wight.
The wight barely misses you.
You slash the wight! The wight hits you but does no damage.
You hit the wight but do no damage. The wight hits you but does no damage.
You hit the wight. The wight closely misses you.
You hit the wight.
You destroy the wight!
Your Fighting skill increases to level 5!
The wight hits you with a great sword!
You take 6 damage, and have 46/61 hp.
You slash the wight! You slash the wight!
You destroy the wight!
You hit the wight. The wight hits you but does no damage.
You barely miss the wight. The wight hits you with a mace!
You feel drained.
You take 9 damage, and have 37/61 hp.
You barely miss the wight. The wight closely misses you.
You hit the wight but do no damage. The wight hits you with a mace.
You take 3 damage, and have 34/61 hp.
Your chain mail prevents you from hitting the wight.
You slash the wight! The wight hits you with a mace.
You feel drained.
You take 1 damage, and have 33/61 hp.
You closely miss the wight. The wight hits you with a mace.
You barely miss the wight. The wight hits you but does no damage.
You hit the wight. The wight hits you but does no damage.
You slash the wight!
You destroy the wight!
The wight hits you with an enchanted war axe.
You take 5 damage, and have 28/61 hp.
You hit the wight. You hit the wight but do no damage.
The wight hits you but does no damage.
You hit the wight but do no damage.
The wight hits you with an enchanted war axe.
You feel drained.
You take 5 damage, and have 24/61 hp.
You closely miss the wight.
The wight hits you with an enchanted war axe.
You feel drained.
* * * LOW HITPOINT WARNING * * *
You take 6 damage, and have 18/61 hp.
You hit the wight but do no damage. The wight barely misses you.
Unknown command.
Unknown command.
You hit the wight.
The wight hits you with an enchanted war axe!
* * * LOW HITPOINT WARNING * * *
You take 7 damage, and have 11/61 hp.
Unknown command.
Your chain mail prevents you from hitting the wight.
The wight hits you with an enchanted war axe.
* * * LOW HITPOINT WARNING * * *
You feel drained.
* * * LOW HITPOINT WARNING * * *
You take 7 damage, and have 4/61 hp.
Your chain mail prevents you from hitting the wight.
The wight hits you with an enchanted war axe.
* * * LOW HITPOINT WARNING * * *
You feel drained.
You die...

#.#z... .
#.#...# ..
#.#...#...
#.#....#
#>#..##...
#.........
#.#.####..# #
#z#.# #..# .♣#
#@#.# #..##...P
#.#.# #...#....
#.#.# #......#
#.#.# #....#
#.#.####..#.#.#
#......(......#
###.#))#...#..PP
#####.#()#...# ♣
.........#.....


You could see a wight.

Vanquished Creatures
  3 wights (D:4)
  A hound (D:4)
  5 orc wizards
  Jessica (D:2)
  A worker ant (D:4)
  A worker ant zombie (D:4)
  3 gnolls (D:2)
  10 adders
  An ooze (D:1)
  An adder skeleton (D:4)
  An adder zombie (D:4)
  3 worms
  A leopard gecko (D:3)
  22 orcs
  10 bats
  3 giant cockroaches
  6 goblins
  6 hobgoblins
  19 jackals
  8 kobolds
  2 quokkas (D:2)
  3 ball pythons
  3 frilled lizards
  7 rats
121 creatures vanquished.

Vanquished Creatures (others)
  A jackal (D:1)
1 creature vanquished.

Grand Total: 122 creatures vanquished

Notes
Turn   | Place    | Note
-------+----------+-------------------------------------------
     0 | D:1      | shakethe the Hill Orc Gladiator began the quest for the Orb.
     0 | D:1      | Reached XP level 1. HP: 18/18 MP: 1/1
   154 | D:1      | Reached XP level 2. HP: 16/25 MP: 2/2
   344 | D:1      | Reached skill level 3 in Fighting
   377 | D:1      | Reached XP level 3. HP: 21/31 MP: 3/3
   509 | D:1      | Reached skill level 5 in Axes
   892 | D:2      | Reached skill level 1 in Armour
   916 | D:2      | HP: 7/31 [adder (3)]
   921 | D:2      | HP: 4/31 [poisoned by an adder]
   922 | D:2      | Reached XP level 4. HP: 4/38 MP: 4/4
   926 | D:2      | HP: 3/38 [poisoned by an adder]
   933 | D:2      | HP: 2/38 [poisoned by an adder]
   941 | D:2      | HP: 1/38 [poisoned by an adder]
  1675 | D:2      | Reached skill level 6 in Axes
  1680 | D:2      | HP: 8/39 [gnoll/club (4)]
  1681 | D:2      | Reached XP level 5. HP: 10/46 MP: 5/5
  1687 | D:2      | HP: 9/46 [poisoned by an adder]
  1969 | D:2      | Noticed Jessica
  1991 | D:2      | Reached skill level 2 in Armour
  1999 | D:2      | Killed Jessica
  2155 | D:2      | You fall through a shaft for 2 floors!
  2155 | D:4      | Found Tynta's Gadget Boutique.
  2253 | D:4      | Reached skill level 4 in Fighting
  2410 | D:3      | Reached XP level 6. HP: 47/52 MP: 6/6
  2456 | D:3      | Reached skill level 7 in Axes
  2833 | D:3      | Reached skill level 3 in Armour
  3192 | D:4      | Reached XP level 7. HP: 53/60 MP: 7/7
  3282 | D:4      | Reached skill level 8 in Axes
  3422 | D:4      | Reached skill level 5 in Fighting
  3440 | D:4      | HP: 11/61 [wight/enchanted war axe (8)]
  3441 | D:4      | HP: 4/61 [wight/enchanted war axe (2)]
  3442 | D:4      | HP: 1/61 [wight/enchanted war axe (3)]
  3442 | D:4      | Slain by a wight

Skill      XL: |  1  2  3  4  5  6  7 |
---------------+----------------------+-----
Fighting       | 3 4 5 |  5.2
Axes           | 5 6 7 8 |  8.4
Armour         | 1 2 3 |  3.7
Throwing       | |  1.7
Dodging        | |  2.4

Action                   |  1- 3 |  4- 6 |  7- 9 || total
-------------------------+-------+-------+-------++-------
Melee: War axe           |   111 |   259 |    37 ||   407
  Eat: Chunk             |       |     8 |     1 ||     9
Armor: Leather armour    |    23 |       |       ||    23
       Chain mail        |    72 |   198 |    16 ||   286
Dodge: Dodged            |    69 |   116 |    12 ||   197

Vault maps used:
D:1:      lemuel_arrival_river_ford, minmay_misc_feat_ornament
D:2:      uniq_jessica
D:3:      glass_columns_a
D:4:      kennysheep_kobold_camp, serial_undead, serial_undead_f,
          serial_undead_d, serial_undead_e, serial_undead_c, serial_shops, shop

Table legend:
 A = Turns spent in this place as a percentage of turns spent in the entire game.
 B = Non-inter-level travel turns spent in this place as a percentage of non-inter-level travel turns spent in the entire game.
 C = Inter-level travel turns spent in this place as a percentage of turns spent in this place.
 D = Turns resting spent in this place as a percentage of non-inter-level travel turns spent in this place.
 E = Turns spent auto-exploring this place as a percentage of non-inter-level travel turns spent in this place.
 F = Non-inter-level travel turns spent in this place divided by the number of levels of this place that you've seen.
                   A       B       C       D       E      F
               +-------+-------+-------+-------+-------+----------------------
         Total | 100.0 | 100.0 |   1.4 |  33.7 |  42.9 | 848.8
       Dungeon | 100.0 | 100.0 |   1.4 |  33.7 |  42.9 | 848.8
               +-------+-------+-------+-------+-------+----------------------

Table legend:
 A = Kills in this place as a percentage of kills in entire the game.
 B = Kills by you in this place as a percentage of kills by you in the entire game.
 C = Kills by friends in this place as a percentage of kills by friends in the entire game.
 D = Other kills in this place as a percentage of other kills in the entire game.
 E = Experience gained in this place as a percentage of experience gained in the entire game.
 F = Experience gained in this place divided by the number of levels of this place that you have seen.
                   A       B       C       D       E      F
               +-------+-------+-------+-------+-------+----------------------
         Total | 100.0 | 100.0 |   N/A | 100.0 | 100.0 | 219.2
       Dungeon | 100.0 | 100.0 |   N/A | 100.0 | 100.0 | 219.2
               +-------+-------+-------+-------+-------+----------------------
